AoeStats
← 白鹿城拉车车

Fortress

508600669Analyzed
4v4 RM · 8d ago on Sep 23, 2026· 50m 26s· 8 players
Game mode
Random Map
Map size
Huge
Population
200
Speed
Normal
Resources
Standard
Victory
Conquest
Starting age
Dark Age
Ending age
Imperial Age
RankedLock teamsTeams togetherTeam positionsShared explorationLock speedFull tech treeHidden civsTurbo modeCheats
Victory
Defeat
🇨🇳 Varangians · China
1356
+7
🇭🇰 Koreans · Hong Kong SAR China
1035
+20
🇭🇰 Danes · Hong Kong SAR China
1035
+19
🇭🇰 Muisca · Hong Kong SAR China
1034
+19
🇳🇿 Bulgarians · New Zealand
1152
-18
🇺🇸 Varangians · United States
1143
-17
🇨🇳 Persians · China
1107
-16
🇺🇸 Byzantines · United States
1064
-14
1. d4
7:01 Feudal Age
10:53 Castle Age
9:39 Loom
9:44 Double-Bit Axe
10:07 Horse Collar
13:13 Heavy Plow
18:34 Wheelbarrow
21:25 Forging
21:23 Scale Barding Armor
22:27 Hand Cart
27:53 Imperial Age
25:30 Stone Mining
26:07 Fortified Wall
25:55 Murder Holes
26:40 Iron Casting
26:26 Chain Barding Armor
27:02 Husbandry
28:43 Chain Barding Armor
29:01 Conscription
29:38 Fletching
33:10 Plate Barding Armor
32:35 Scale Mail Armor
32:51 Gambesons
33:06 Squires
32:52 Arson
32:28 Elite Varangian Guard
36:01 Chain Mail Armor
40:34 Plate Mail Armor
40:26 Heavy Camel Rider
42:27 Bow Saw
43:44 Bodkin Arrow
48:14 Light Cavalry
48:53 Gold Mining
雅硬雅重
8:20 Feudal Age
9:09 Horse Collar
9:15 Double-Bit Axe
12:10 Castle Age
10:36 Double-Bit Axe
11:02 Loom
11:17 Horse Collar
13:07 Heavy Plow
15:12 Bow Saw
16:05 Stone Mining
16:47 Gold Mining
18:43 Wheelbarrow
19:32 Hand Cart
19:52 Town Watch
21:49 Scale Barding Armor
21:54 Forging
22:52 Gold Shaft Mining
24:27 Stone Shaft Mining
27:58 Imperial Age
25:30 Town Patrol
25:55 Masonry
25:56 Careening
26:11 Ballistics
25:47 Murder Holes
26:20 Chain Barding Armor
26:36 Iron Casting
26:45 Husbandry
26:55 Bloodlines
27:41 Kamandaran
28:19 Iron Casting
27:35 Fletching
27:45 Padded Archer Armor
28:01 Caravan
28:31 Coinage
28:33 Devotion
28:58 Conscription
28:08 Crossbowman
28:54 Thumb Ring
30:36 Blast Furnace
30:11 Plate Barding Armor
30:11 Light Cavalry
32:53 Chemistry
31:58 Cavalier
32:32 Capped Ram
32:56 Hussar
34:28 Capped Ram
36:04 Elite Skirmisher
38:11 Two-Man Saw
37:44 Crop Rotation
42:15 Pikeman
42:55 Squires
42:52 Bodkin Arrow
42:58 Scale Mail Armor
43:14 Leather Archer Armor
44:55 Chain Mail Armor
45:10 Ring Archer Armor
47:36 Halberdier
VadersSon2004
7:55 Feudal Age
11:38 Castle Age
10:12 Double-Bit Axe
10:08 Horse Collar
13:42 Wheelbarrow
14:41 Bow Saw
15:47 Heavy Plow
17:41 Gold Mining
17:59 Town Watch
18:33 Loom
19:20 Stone Mining
25:36 Imperial Age
23:41 Scale Barding Armor
23:47 Forging
24:24 Hand Cart
24:27 Bloodlines
24:17 Husbandry
26:56 Stone Shaft Mining
27:54 Two-Man Saw
27:27 Crop Rotation
27:57 Conscription
27:06 Cavalier
28:36 Chain Barding Armor
28:51 Iron Casting
27:47 Elite Jarl
29:02 Vendel Legacy
30:34 Plate Barding Armor
32:30 Blast Furnace
31:21 Fletching
33:45 Bodkin Arrow
40:14 Herbal Medicine
40:22 Town Patrol
47:09 Caravan
46:39 Light Cavalry
49:19 Guilds
Icyriver
8:39 Feudal Age
10:49 Horse Collar
13:26 Castle Age
11:14 Double-Bit Axe
11:30 Gold Mining
12:46 Scale Barding Armor
14:36 Chain Barding Armor
15:06 Wheelbarrow
19:03 Forging
19:17 Loom
19:47 Hand Cart
30:04 Iron Casting
36:27 Imperial Age
35:20 Fletching
36:12 Gold Shaft Mining
37:53 Plate Barding Armor
38:21 Bow Saw
38:15 Bodkin Arrow
39:20 Blast Furnace
37:45 Elite Skirmisher
39:45 Thumb Ring
39:47 Bracer
39:49 Padded Archer Armor
40:14 Heavy Plow
41:14 Leather Archer Armor
44:36 Chemistry
谷得超勁
8:14 Feudal Age
12:28 Castle Age
11:54 Double-Bit Axe
14:45 Horse Collar
16:17 Bow Saw
20:09 Wheelbarrow
26:05 Imperial Age
24:00 Gambesons
24:16 Squires
24:02 Arson
24:22 Scale Mail Armor
24:37 Forging
24:37 Heavy Plow
26:03 Hamask
27:06 Chain Mail Armor
27:27 Iron Casting
27:40 Hand Cart
27:28 Gold Mining
27:29 Stone Mining
28:09 Conscription
27:15 Elite Jomsviking
28:17 Conscription
29:56 Stone Shaft Mining
29:57 Gold Shaft Mining
30:40 Plate Mail Armor
32:30 Blast Furnace
34:57 Elite Varangian Guard
36:37 Northmen's Fury
38:45 Chemistry
47:12 Caravan
Majorian
7:16 Feudal Age
10:54 Castle Age
9:15 Double-Bit Axe
9:31 Horse Collar
20:57 Wheelbarrow
21:19 Gold Mining
23:26 Loom
28:28 Imperial Age
27:08 Town Watch
28:06 Fletching
29:36 Bodkin Arrow
30:42 Chemistry
30:19 Conscription
30:39 Bracer
33:20 Hand Cart
35:10 Bow Saw
38:18 Two-Man Saw
38:42 Elite War Wagon
41:01 Scale Barding Armor
41:07 Forging
42:10 Chain Barding Armor
44:37 Heavy Plow
45:13 Gold Shaft Mining
45:04 Light Cavalry
45:45 Husbandry
46:26 Iron Casting
47:13 Hussar
47:38 Hussar
Humetsang
7:30 Feudal Age
11:53 Castle Age
10:26 Double-Bit Axe
13:08 Horse Collar
20:01 Wheelbarrow
24:18 Imperial Age
22:02 Fletching
22:32 Padded Archer Armor
23:02 Bodkin Arrow
24:13 Gold Mining
24:15 Stone Mining
25:09 Leather Archer Armor
24:23 Elite Guecha Warrior
26:10 Chemistry
25:32 Ballistics
25:43 Conscription
43:07 Gold Shaft Mining
42:43 Bow Saw
白鹿城拉车车
7:06 Feudal Age
10:57 Castle Age
9:10 Double-Bit Axe
9:10 Horse Collar
12:57 Bow Saw
14:04 Wheelbarrow
22:02 Wheelbarrow
21:34 Heavy Plow
21:57 Gold Mining
23:27 Hand Cart
22:57 Loom
26:30 Imperial Age
24:44 Scale Barding Armor
24:59 Forging
24:57 Stone Mining
24:55 Town Watch
25:04 Vendel Legacy
25:48 Husbandry
25:59 Bloodlines
26:27 Chain Barding Armor
26:59 Stone Shaft Mining
26:17 Fletching
27:37 Conscription
28:04 Plate Barding Armor
26:57 Capped Ram
29:14 Two-Man Saw
29:47 Iron Casting
28:42 Gothikon
29:00 Light Cavalry
29:59 Elite Jarl
30:46 Bodkin Arrow
33:35 Blast Furnace
34:17 Bracer
34:57 Treadmill Crane
36:18 Chemistry
35:38 Ballistics
36:15 Coinage
35:56 Guilds
36:22 Town Patrol
36:35 Masonry
38:45 Banking
41:58 Caravan
43:37 Padded Archer Armor
44:09 Architecture
48:11 Siege Engineers
49:53 Guilds
Connection lost

Rejoining the realm…

Still unreachable

The connection could not be restored.

Session expired

The server has moved on; the page needs a fresh start.